cohdb
Replays
Latest Replays
All Replays
Popular Replays
Top Player Replays
Match Explorer
How It Works
Community
CoH3 Stats
Reddit
Sign in to upload your games and track your stats! →
Sign in with Steam
Match 29291937
Unlisted
Match 29291937
Overview
Messages
Build Orders
End
Selects Italian Combined Arms Battlegroup
Selects Bersaglieri Squad
Bersaglieri Squad
Kradschützen Motorcycle Team
Bersaglieri Squad
Bersaglieri Squad
Construct Light Support Kompanie
Fire Support Elements
Flakvierling Half-track
Selects Bersaglieri Bolster
Panzerpioneer Squad
Panzerjäger Mechanized Group
Selects Breda Model 30 Light Machine Guns
Construct Panzerarmee Kommand
Vehicle Survival Package
Emergency Repair Kits
Selects Semovente da 75/18 Assault Gun
Panzer III L Medium Tank
^3
ZoroArk.Choi
0
0
Comments
sign in to comment!
No comments posted yet!